 Dungeon Crawl Stone Soup version 0.26-a0-958-gf3041fb45f (webtiles) character file.

Game seed: 1926434546198698938

3053 KristoblXynda the Carver (level 9, 0/81 HPs)
             Began as a Green Draconian Delver on Nov 30, 2020.
             Was a Priest of Cheibriados.
             Slain by an ogre
             ... wielding a +0 giant club
              (17 damage)
             ... on level 8 of the Dungeon.
             The game lasted 00:15:20 (8048 turns).

KristoblXynda the Carver (Green Draconian Delver)   Turns: 8048, Time: 00:15:21

Health: 0/81       AC: 10    Str: 23    XL:     9   Next: 57%
Magic:  9/9        EV: 17    Int: 21    God:    Cheibriados [***...]
Gold:   284        SH:  0    Dex: 21    Spells: 8/8 levels left

rFire    + . .     SeeInvis .   t - +3 dagger (venom)
rCold    + . .     Faith    .   (no shield)
rNeg     . . .     Spirit   .   (armour unavailable)
rPois    +         Reflect  .   (helmet restricted)
rElec    .         Harm     .   o - scarf {rC+ rF+}
rCorr    .         Rampage  .   l - +2 pair of gloves
MR       .....                  (no boots)
Stlth    ++++......             (no amulet)
HPRegen  0.23/turn              m - ring of poison resistance
MPRegen  0.11/turn              C - ring of stealth

@: short of breath, studying Throwing, very slow
A: breathe noxious fumes, unfitting armour, poison resistance, cold-blooded, AC
+7
a: Breathe Noxious Fumes, Bend Time, Temporal Distortion, Renounce Religion


You were on level 8 of the Dungeon.
You worshipped Cheibriados.
Cheibriados was most pleased with you.
You visited 2 branches of the dungeon, and saw 9 of its levels.

You collected 474 gold pieces.
You spent 190 gold pieces at shops.

Inventory:

Hand Weapons
 a - a +0 falchion
 t - a +3 dagger of venom (weapon)
Missiles
 B - 2 throwing nets (quivered)
Armour
 l - a +2 pair of gloves (worn)
 o - a scarf of resistance (worn)
 H - a +0 cloak
Jewellery
 m - a ring of poison resistance (left hand)
 C - a ring of stealth (right hand)
Wands
 f - a wand of digging (10)
 n - a wand of acid (10)
 G - a wand of disintegration (20)
 I - a wand of paralysis (4)
Scrolls
 b - 5 scrolls of fog
 c - 2 scrolls of magic mapping
 d - 2 scrolls of fear
 j - a scroll of amnesia {unknown}
 p - 3 scrolls of blinking
 q - a scroll of enchant weapon
 r - 11 scrolls of remove curse
 y - a scroll of enchant armour {unknown}
 A - 2 scrolls of teleportation
Potions
 e - a potion of haste
 h - a potion of might {unknown}
 k - a potion of attraction
 s - 2 potions of berserk rage
 u - 2 potions of lignification
 v - 2 potions of heal wounds
 w - 6 potions of curing
 x - 2 potions of mutation
 z - a potion of invisibility {unknown}
 D - 2 potions of magic
 E - a potion of ambrosia {unknown}
 F - a potion of cancellation {unknown}
Books
 i - a manual of Throwing


   Skills:
 + Level 8.1 Fighting
 * Level 9.4 Long Blades
 + Level 6.3 Dodging
 - Level 5.0 Stealth


You had 8 spell levels left.
You didn't know any spells.
Your spell library contained the following spells:

 Spells                   Type           Power        Failure   Level
 Corona                   Hex            #......      19%         1
 Ensorcelled Hibernation  Hex/Ice        #.....       26%         2
 Confusing Touch          Hex            #.......     47%         3
 Dazzling Flash           Conj/Hex       #.....       47%         3
 Tukima's Dance           Hex            #.......     47%         3


Dungeon Overview and Level Annotations

Branches:
Dungeon (8/15)             Temple (1/1) D:5
   Lair: D:8-11

Altars:
Ashenzari
Cheibriados
Dithmenos
Elyvilon
Fedhas
Gozag
Hepliaklqana
Kikubaaqudgha
Makhleb
Okawaru
Qazlal
Ru
Sif Muna
Trog
Uskayaw
Vehumet
Wu Jian
Xom
Yredelemnul
Zin
The Shining One

Shops:
D:5 !   D:6 *   D:7 [


Innate Abilities, Weirdness & Mutations

You can breathe blasts of noxious fumes.
Your lurid green scales are hard. (AC +7)
You cannot fit into any form of body armour.
Your system is resistant to poisons. (rPois)
You are cold-blooded and may be slowed by cold attacks.


Message History

You kill the orc!
Cheibriados appreciates the change of pace.
Cheibriados raises the support of your attributes as your movement slows.
An ice beast comes into view.
The ogre hits you with a +0 giant club!!
* * * LOW HITPOINT WARNING * * *
The orc misses you. The ogre completely misses you.
Items here: ( ) [ †.
You are too injured to fight recklessly!
You are too injured to fight recklessly!
Unknown command.
You are too injured to fight recklessly!
Unknown command.
Evoke which item? (* to show all) (? for menu, Esc to quit)
Aiming: Paralyse
Press: ? - help, Shift-Dir - straight line, f - ogre
Aim: an ogre, wielding a +0 giant club (chance to defeat MR: 46%)
The ogre resists with some effort.
The orc misses you. The ogre hits you with a +0 giant club!
You die...

............... #.
..##..#...##......###
........#### ........
..#####....#..#######
. #.?.........# #
..####.........#.# #
...........^..##
...###
...###........# #....
. #o@.####.# #....
#...O### .# #....
...Y... .. ......
.####.. # ...... ##.
#.#### #. #. #. ..


You could see an ice beast, an ogre and an orc.

Vanquished Creatures
  2 orc warriors
  A sky beast (D:2)
  A water moccasin (D:7)
  3 phantoms
  4 ogres
  A wolf (D:6)
  A centaur (D:8)
  A big kobold (D:7)
  2 bullfrogs
  4 gnoll sergeants (D:6)
  A water moccasin zombie (D:6)
  3 scorpions
  2 electric eels (D:5)
  4 howler monkeys
  A jelly (D:6)
  An orc wizard (D:5)
  5 hounds
  5 orc priests
  3 gnoll shamans (D:6)
  Terence (D:2)
  7 worker ants
  16 gnolls
  9 adders
  A white imp (D:5)
  2 ufetubi
  3 oozes
  An adder skeleton (D:4)
  3 worms
  3 dart slugs
  10 leopard geckos
  12 orcs
  7 giant cockroaches
  7 goblins
  10 hobgoblins
  11 jackals
  12 kobolds
  4 quokkas
  8 bats
  9 frilled lizards
  A leopard gecko skeleton (D:5)
  11 rats
193 creatures vanquished.

Vanquished Creatures (others)
  2 plants (D:5)
2 creatures vanquished.

Grand Total: 195 creatures vanquished

Notes
Turn   | Place    | Note
-------+----------+-------------------------------------------
     0 | D:5      | KristoblXynda the Draconian Delver began the quest for the
                  | Orb.
     0 | D:5      | Reached XP level 1. HP: 19/19 MP: 1/1
    15 | D:5      | Noticed a howler monkey
   160 | D:4      | Noticed a worker ant
   222 | D:4      | Reached XP level 2. HP: 26/26 MP: 2/2
   418 | D:4      | Noticed a scorpion
   429 | D:4      | Killed a scorpion
   430 | D:4      | Reached XP level 3. HP: 33/33 MP: 3/3
   451 | D:4      | Reached skill level 5 in Stealth
   451 | D:4      | Reached XP level 4. HP: 13/40 MP: 4/4
  1040 | D:4      | Reached skill level 3 in Long Blades
  1563 | D:3      | Reached XP level 5. HP: 46/46 MP: 5/5
  2198 | D:2      | Noticed a sky beast
  2210 | D:2      | Killed a sky beast
  2211 | D:2      | Reached skill level 4 in Long Blades
  2211 | D:2      | Reached XP level 6. HP: 30/53 MP: 6/6
  2659 | D:2      | Noticed Terence
  2676 | D:2      | Killed Terence
  2977 | D:1      | Reached skill level 5 in Fighting
  3694 | D:3      | Reached skill level 5 in Long Blades
  3732 | D:3      | Your scales start taking on a lurid green colour.
  3732 | D:3      | Reached XP level 7. HP: 9/61 MP: 7/7
  3732 | D:3      | Gained mutation: Your system is resistant to poisons.
                  | (rPois) [Green Draconian growth]
  4321 | D:5      | Found a transporter.
  4334 | D:5      | Found a transporter.
  4611 | D:5      | Reached skill level 6 in Long Blades
  4713 | D:5      | Found an iron altar of Okawaru.
  4734 | D:5      | Found Nosisk's Distillery.
  4755 | D:5      | Bought a potion of degeneration for 14 gold pieces
  5035 | D:5      | Found a staircase to the Ecumenical Temple.
  5064 | D:5      | Found a shimmering blue altar of Sif Muna.
  5094 | Temple   | Entered the Ecumenical Temple
  5118 | Temple   | Became a worshipper of Cheibriados the Contemplative
  5276 | D:6      | Reached XP level 8. HP: 39/70 MP: 8/8
  5524 | D:6      | Reached skill level 7 in Long Blades
  5775 | D:6      | Reached * piety under Cheibriados
  5801 | D:6      | Reached skill level 5 in Dodging
  6244 | D:6      | Found a shadowy altar of Dithmenos.
  6295 | D:6      | Noticed a +0 dagger
  6296 | D:6      | Found a hide-covered altar of Uskayaw.
  6297 | D:6      | Noticed a +0 dagger
  6302 | D:6      | Reached skill level 8 in Long Blades
  6351 | D:6      | Found a sacrificial altar of Ru.
  6386 | D:6      | Found Eruvaxza's Assorted Antiques.
  6492 | D:6      | Reached ** piety under Cheibriados
  6886 | D:7      | Found Lotoxup's Antique Armour Boutique.
  6900 | D:7      | Reached XP level 9. HP: 76/79 MP: 9/9
  6964 | D:7      | Bought an embroidered scarf for 176 gold pieces
  7316 | D:7      | Found a stormy altar of Qazlal.
  7720 | D:7      | Reached *** piety under Cheibriados
  7721 | D:7      | Reached skill level 9 in Long Blades
  7893 | D:8      | Got a pair of fine boots
  7914 | D:8      | Identified the -2 pair of boots of the Lotus Blossom {rN+}
                  | (You found it on level 8 of the Dungeon)
  8048 | D:8      | Slain by an ogre

Illustrated notes

Levels and vault maps discovered:
D:1:      saegor_arrival_simple_a, layout_rooms, serial_forest,
          infiniplex_forest_lined_room_2, infiniplex_forest_straight_4,
          infiniplex_forest_lined_3, infiniplex_forest_straight_4,
          infiniplex_forest_end_3, infiniplex_forest_lined_room_3,
          infiniplex_forest_clump_curved, infiniplex_forest_lined_3,
          infiniplex_forest_clump_small, minmay_quantized
D:2:      layout_loops_ring, uniq_terence
D:3:      layout_rooms, minmay_fountain_box
D:4:      layout_gridville, minmay_manual_monolith
D:5:      gammafunk_steamed_eel, layout_gridville, lemuel_blue_sif_altar,
          okawaru_metal_pillars_3, minmay_temple_entry_fiery, serial_shops, shop
D:6:      layout_cave_pools, nicolae_overflow_hidden_temple, kennysheep_mini,
          dancing_weapons_uskayaw, serial_gnoll_camp, gnoll_camp_huts_basic,
          gnoll_camp_medium_01, gnoll_camp_mini_hut, gnoll_camp_mini_hut,
          gnoll_camp_mini_house, serial_shops, nicolae_shop_overgrown_old_shop,
          nicolae_sextant
D:7:      layout_loops_ring, basic_altar, serial_shops, shop
D:8:      layout_rooms
Temple:   nicolae_temple_x_marks_the_god

Skill      XL: |  1  2  3  4  5  6  7  8  9 |
---------------+----------------------------+-----
Dodging        | 2 3 4 5 6 |  6.3
Fighting       | 4 5 6 7 8 |  8.1
Stealth        | 5 |  5.0
Long Blades    | 3 4 5 6 8 9 |  9.4

Action                   |  1- 3 |  4- 6 |  7- 9 || total
-------------------------+-------+-------+-------++-------
Melee: Falchion          |    19 |    77 |       ||    96
       Tailslap          |     2 |    23 |    78 ||   103
       Dagger            |       |   164 |   399 ||   563
 Abil: Breathe Noxious F |       |       |    10 ||    10
Evoke: Wand              |     4 |       |     4 ||     8
  Use: Scroll            |       |     8 |     4 ||    12
       Potion            |       |     1 |       ||     1
 Stab: Sleeping          |     1 |    16 |    15 ||    32
       Confused          |       |       |     3 ||     3
       Distracted        |       |       |     1 ||     1
Armor: Skin              |     4 |    81 |   111 ||   196
Dodge: Dodged            |    14 |   126 |   294 ||   434
       Rpst.: Falchion   |     5 |    13 |       ||    18

Table legend: (Time is in decaauts)
 A = Elapsed time spent in this place.
 B = Non-inter-level travel time spent in this place.
 C = Inter-level travel time spent in this place.
 D = Time resting spent in this place.
 E = Time spent auto-exploring this place.
 F = Levels seen in this place.
 G = Mean time per level.
                   A        B        C        D        E       F      G
               +--------+--------+--------+--------+--------+-----+--------+
         Total |   8664 |   8452 |    212 |   1812 |   4678 |   9 |  962.7 |
       Dungeon |   8595 |   8392 |    203 |   1812 |   4645 |   8 | 1074.4 |
        Temple |     68 |     59 |      9 |      0 |     33 |   1 |   68.0 |
               +--------+--------+--------+--------+--------+-----+--------+

Top non-repeatable levels by time:
     D:6: 1941 daAuts
     D:4: 1552 daAuts
     D:7: 1218 daAuts
     D:2: 1108 daAuts
     D:5: 938 daAuts
     D:3: 888 daAuts
     D:1: 693 daAuts
     D:8: 255 daAuts
  Temple: 68 daAuts
